 Dungeon Crawl Stone Soup version 0.18.1-50-g88ac8fd (webtiles) character file.

163675 Chiseanne the Unseen (level 16, -24/79 HPs)
             Began as a Spriggan Assassin on Apr 23, 2017.
             Was an Initiate of Gozag.
             Killed from afar by a greater naga (43 damage)
             ... with an orb of energy
             ... on level 4 of the Snake Pit on Apr 26, 2017.
             The game lasted 02:09:00 (34120 turns).

Chiseanne the Unseen (Spriggan Assassin)           Turns: 34120, Time: 02:09:01

Health: -24/79     AC: 12    Str:  7    XL:     16   Next: 99%
Magic:  17/17      EV: 29    Int: 13    God:    Gozag
Gold:   1585       SH: 15    Dex: 24    Spells: 4 memorised, 5 levels left

rFire  + + .     SeeInvis +     s - +7 short sword (elec)
rCold  + + .     Gourm    .     u - +6 troll leather armour "Doodu" {rC++ Regen+}
rNeg   + . .     Faith    .     R - +3 warlock's mirror {reflect}
rPois  .         Spirit   .     (helmet restricted)
rElec  +         Dismiss  .     S - +1 cloak of Weirdness {rElec rC- Regen+ rCorr}
rCorr  +         Reflect  +     (gloves unavailable)
SustAt .         Harm     .     (boots unavailable)
MR     ++...                    A - amulet "Mywifesesu" {RegenMP rElec rF+ Int-2}
Stlth  +++++++++.               U - ring "Odih" {rF+ rC+ rN+ Dex+2}
                                T - ring of stealth

@: constricted, very quick, very resistant to hostile enchantments, incredibly
stealthy
A: unfitting armour, see invisible, herbivore 3, speed 3, slow metabolism 2
a: Potion Petition, Call Merchant, Bribe Branch, Renounce Religion
}: 1/15 runes: decaying


You were on level 4 of the Snake Pit.
You worshipped Gozag.
Gozag was noncommittal.
You were not hungry.

You visited 6 branches of the dungeon, and saw 34 of its levels.
You also visited: Labyrinth and Volcano.

You collected 12349 gold pieces.
You spent 4021 gold pieces at shops.
You paid 6743 gold pieces to Gozag.

Inventory:

Hand Weapons
 a - the +9 dagger of Chilly Death {flash freeze, rPois rF- rC++ MR+}
   (You bought it in a shop on level 10 of the Dungeon)

   It has been specially enchanted to freeze those struck by it, causing extra
   injury to most foes and up to half again as much damage against particularly
   susceptible opponents.
   It can also slow down cold-blooded creatures.
   It makes you vulnerable to fire.
   It greatly protects you from cold.
   It protects you from poison.
   It affects your resistance to hostile enchantments.
 d - a +2 short sword of protection
 e - a +2 hunting sling of evasion
 s - a +7 short sword of electrocution (weapon)
 w - a +6 blowgun
Missiles
 f - 6 curare-tipped needles {!*}
 k - 662 stones (quivered)
 D - 47 tomahawks
 K - 74 poisoned needles
 M - 89 sling bullets
 O - a throwing net {!*}
 X - 5 needles of confusion
Armour
 u - the +6 troll leather armour "Doodu" (worn) {rC++ Regen+}
   (You bought it in a shop on level 2 of the Orcish Mines)

   It greatly protects you from cold.
   It increases your rate of regeneration.
 R - the +3 warlock's mirror (worn) {reflect}
   (You bought it in a shop on level 9 of the Dungeon)
 S - the +1 cloak of Weirdness (worn) {rElec rC- Regen+ rCorr}
   (You bought it in a shop on level 9 of the Dungeon)

   It makes you vulnerable to cold.
   It insulates you from electricity.
   It increases your rate of regeneration.
   It protects you from acid and corrosion.
Jewellery
 t - the ring of Zin's Regard {rF+ Int+5}
   (You bought it in a shop on level 2 of the Orcish Mines)

   [ring of protection from fire]

   It affects your intelligence (+5).
   It protects you from fire.
 A - the amulet "Mywifesesu" (around neck) {RegenMP rElec rF+ Int-2}
   (You found it in a labyrinth)

   [amulet of magic regeneration]

   It increases your magic regeneration.
   It affects your intelligence (-2).
   It protects you from fire.
   It insulates you from electricity.
 B - the ring of Uwuq {SustAt Slay+2}
   (You found it on level 6 of the Dungeon)

   [ring of sustain attributes]

   It sustains your strength, intelligence and dexterity.
   It affects your accuracy and damage with ranged weapons and melee attacks
   (+2).
 I - an uncursed amulet of regeneration
 T - a ring of stealth (left hand)
 U - the ring "Odih" (right hand) {rF+ rC+ rN+ Dex+2}
   (You found it on level 12 of the Dungeon)

   [ring of protection from cold]

   It affects your dexterity (+2).
   It protects you from fire.
   It protects you from cold.
   It protects you from negative energy.
Wands
 j - a wand of disintegration (18/24)
 m - a wand of paralysis (0/24)
 p - a wand of paralysis (13/24)
 r - a wand of iceblast (9/15)
 Q - a wand of digging (0/24)
Scrolls
 b - 3 scrolls of recharging
 q - 7 scrolls of teleportation
 x - 2 scrolls of brand weapon
 y - 2 scrolls of fear
 C - a scroll of enchant armour
 E - 18 scrolls of remove curse
 F - 4 scrolls of fog
 H - a scroll of amnesia
 N - 2 scrolls of identify
 W - a scroll of blinking
 Y - a scroll of magic mapping
Potions
 c - 3 potions of cancellation
 h - a potion of berserk rage
 l - 8 potions of flight
 n - 3 potions of haste
 o - a potion of agility
 z - a potion of brilliance
 J - a potion of ambrosia
 L - 3 potions of might
 P - a potion of resistance
 Z - a potion of curing
Books
 V - the Grimoire of Burning Moulding
   (You found it on level 4 of the Snake Pit)

   Spells                             Type                      Level
   a - Beastly Appendage              Transmutation                1
   b - Conjure Flame                  Conjuration/Fire             3
   c - Irradiate                      Conjuration/Transmutation    5
   d - Bolt of Magma                  Conjuration/Fire/Earth       5
   e - Bolt of Fire                   Conjuration/Fire             6
Miscellaneous
 G - a fan of gales
Comestibles
 g - 17 bread rations
 v - 21 fruits


   Skills:
 - Level 6.8 Fighting
 - Level 10.0 Short Blades
 - Level 2.1 Throwing
 - Level 13.1 Dodging
 - Level 19.4 Stealth
 * Level 17.7 Shields


You had 5 spell levels left.
You knew the following spells:

 Your Spells              Type           Power        Failure   Level  Hunger
a - Apportation           Tloc           #.........   47%         1    ##.....
b - Confuse               Hex            #.......     96%         3    ####...
c - Dazzling Spray        Conj/Hex       #.....       96%         3    ####...
d - Tukima's Dance        Hex            #.......     96%         3    ####...


Dungeon Overview and Level Annotations

Branches:
Dungeon (15/15) Temple (1/1) D:5 Lair (8/8) D:10 Swamp (4/4) Lair:5 Snake (4/4) Lair:6 Slime (0/6) Lair:7 Orc (2/2) D:10 Elf (0/3) Orc:2 Vaults (0/5) D:12 D:13 Depths (0/5) D:15

Altars:
Ashenzari
Cheibriados
Dithmenos
Elyvilon
Fedhas
Gozag
Kikubaaqudgha
Makhleb
Nemelex Xobeh
Okawaru
Pakellas
Qazlal
Ru
Sif Muna
Trog
Vehumet
Xom
Yredelemnul
Zin
The Shining One
Beogh

Shops:
D:5 :*=   D:9 [   D:10 (*[((   D:14 (   D:15 ([   Orc:1 (   Orc:2 [([*

Annotations:
D:4 ciphuk's ghost, amateur MfIE
D:15 exclusion: obsidian statue
Lair:5 exclusion: oklob plant
Swamp:3 exclusion: Roxanne, Roxanne
Swamp:4 Lernaean hydra


Innate Abilities, Weirdness & Mutations

You are tiny and cannot use many weapons and most armour.
You have supernaturally acute eyesight.
You are a herbivore.
You cover ground extremely quickly.
You need consume almost no food.


Message History

Your attempt to break free from the greater naga fails, but you feel that another attempt might succeed.
The greater naga spits poison at you.
Your +3 warlock's mirror {reflect} reflects the splash of poison!
The splash of poison misses the greater naga.
The splash of poison hits the naga.
The naga appears unharmed.
* * * LOW HITPOINT WARNING * * *
The greater naga constricts you.
The greater naga gestures at you while chanting.
You resist with almost no effort.
* * * LOW HITPOINT WARNING * * *
The greater naga constricts you.
You hit the greater naga.
The greater naga is almost dead.
You hit the greater naga but do no damage.
The greater naga is almost dead.
The greater naga casts a spell at you. The orb of energy hits you!
Ouch! That really hurt!
You die...
Your body crumbles into a pile of gold.

#...### #
##..(.############ ##
##..............#########
##.
####.#########.........#
##.# # #.###
##........#####.## #
#...# #..).....##.#.## #
###.### ####)#######[##
## #...#
#######.######.## .#
###.###NN@....).....##
N#####
#.N.#)#############
.....## ###.$..#
##.#..######..N.########
..........#..##....[..N#
##.###......$.#......(##
#.. ##.##[.#........##
##. ...###..#......##.$
### .# ##..(#..(##N.


You could see a greater naga and a naga.

Vanquished Creatures
  Rupert (D:13)
  Agnes (D:14)
  A thorn hunter (Swamp:3)
  Kirke (Lair:8)
  A tengu reaver (D:13)
  Maud (D:14)
  An orc warlord (Orc:2)
  3 greater nagas
  Donald (D:13)
  Snorg (D:14)
  A minotaur (Lab)
  Josephine (Lair:8)
  Harold (Lair:4)
  A fire dragon (D:15)
  A yaktaur captain (D:13)
  A rakshasa (D:14)
  An ice dragon (D:15)
  Fannar (Lair:1)
  11 hydras
  A ghost crab (Swamp:2)
  3 naga warriors
  5 anacondas
  The ghost of Chiseanne the Unseen, a journeyman SpAs of Gozag (D:12)
  The ghost of bierdeckelkanne the Brawler, a novice TrBe of Trog (D:10)
  6 centaur warriors
  A tengu warrior (D:13)
  An alligator (Swamp:1)
  A queen ant (Lair:1)
  The ghost of ciphuk the Spear-Bearer, a novice MfIE of Ashenzari (D:8)
  3 orc high priests
  2 naga sharpshooters (Snake:4)
  6 shock serpents
  9 death yaks
  Sonja (Orc:2)
  Nergalle (Lair:1)
  A hell knight (D:13)
  A skeletal warrior (D:12)
  3 unseen horrors
  2 swamp dragons
  6 hill giants
  2 wolf spider zombies (D:14)
  3 naga ritualists (Snake:4)
  An orc knight (Orc:2)
  9 ugly things
  2 mana vipers
  3 griffons
  An oklob plant (Lair:7)
  5 orc sorcerers (Orc:2)
  A hornet (Swamp:1)
  3 deep elf magi
  6 cyclopes
  3 manticores
  18 elephants
  3 salamanders
  16 black mambas
  3 guardian serpents (Snake:4)
  A black mamba (shapeshifter) (D:13)
  3 naga magi
  14 spiny frogs
  A gargoyle (D:13)
  2 freezing wraiths
  A redback zombie (D:11)
  A kobold demonologist (D:15)
  4 rime drakes
  A rime drake (shapeshifter) (D:13)
  10 komodo dragons
  An efreet (D:14)
  3 two-headed ogres
  2 giant leeches
  7 trolls
  10 slime creatures
  2 bog bodies
  13 blink frogs
  A spriggan (Swamp:2)
  6 wraiths
  4 wyverns
  A shadow (D:13)
  Eustachio (D:5)
  16 humans
  49 yaks
  11 hippogriffs
  7 hogs (Lair:8)
  3 basilisks
  11 vampire mosquitoes
  2 steam dragons
  3 hungry ghosts
  4 swamp worms
  A mottled dragon (D:11)
  2 wargs
  6 insubstantial wisps
  14 nagas
  21 water moccasins
  A hell hound (Volcano)
  8 soldier ants
  Duvessa (D:4)
  14 porcupines
  A hornet simulacrum (D:15)
  33 orc warriors
  5 swamp drakes
  A black bear (D:10)
  6 ice beasts
  2 sky beasts
  3 eyes of draining
  2 phantoms
  10 ogres
  3 wasps
  16 centaurs
  5 wolves
  16 crocodiles
  2 big kobolds
  35 giant frogs
  Dowan (D:4)
  A wyvern skeleton (D:13)
  5 scorpions
  10 killer bees
  17 wights
  3 electric eels (Lair:8)
  4 howler monkeys
  3 crimson imps
  A quasit (D:12)
  A centaur zombie (D:11)
  3 giant frog zombies
  7 hounds
  14 jellies
  20 orc wizards
  A giant frog skeleton (D:4)
  18 orc priests
  4 centaur skeletons
  Terence (D:3)
  5 hell rats (Lair:8)
  7 iguanas
  32 worker ants
  12 sheep
  A killer bee zombie (D:8)
  A hound skeleton (D:10)
  A worker ant zombie (D:8)
  3 gnolls (Orc:1)
  A howler monkey skeleton (D:5)
  13 adders
  58 river rats
  A shadow imp (D:14)
  An ooze (Lair:7)
  3 adder skeletons
  A dart slug (D:2)
  A giant gecko (D:4)
  88 orcs
  A ball python (D:4)
  5 bats
  4 giant cockroaches
  6 goblins
  7 hobgoblins
  12 kobolds
  2 quokkas
  3 giant newts
  A quokka zombie (D:6)
  5 rats
  A butterfly (Lair:8)
  A fungus (Lair:8)
960 creatures vanquished.

Vanquished Creatures (others)
  A rime drake (Lair:4)
  An orc warrior (Orc:2)
  A centaur (D:14)
  2 adders (D:5)
  2 orcs (Orc:2)
  15 fungi
  11 plants
33 creatures vanquished.

Grand Total: 993 creatures vanquished

Notes
Turn   | Place    | Note
--------------------------------------------------------------
     0 | D:1      | Chiseanne the Spriggan Assassin began the quest for the Orb.
     0 | D:1      | Reached XP level 1. HP: 10/10 MP: 2/2
    34 | D:1      | Reached skill level 6 in Stealth
   236 | D:1      | Reached XP level 2. HP: 14/14 MP: 3/3
  1011 | D:2      | Reached skill level 7 in Stealth
  1034 | D:2      | You fall through a shaft!
  1034 | D:3      | Noticed Terence
  1037 | D:3      | Killed Terence
  1037 | D:3      | Reached XP level 3. HP: 18/18 MP: 4/4
  1100 | D:2      | Found a faded altar to an unknown god.
  1115 | D:2      | Reached skill level 8 in Stealth
  1311 | D:2      | Found a sparkling altar of Nemelex Xobeh.
  1477 | D:2      | Reached XP level 4. HP: 22/22 MP: 5/5
  2036 | D:4      | Noticed an ogre
  2037 | D:4      | Killed an ogre
  2037 | D:4      | Reached skill level 9 in Stealth
  2037 | D:4      | Reached XP level 5. HP: 25/25 MP: 6/6
  2068 | D:4      | Reached skill level 10 in Stealth
  2080 | D:4      | Noticed ciphuk's ghost (amateur MfIE)
  2188 | D:4      | Reached skill level 11 in Stealth
  2188 | D:4      | Reached XP level 6. HP: 24/30 MP: 7/7
  2520 | D:4      | Noticed Dowan
  2699 | D:4      | Noticed Duvessa
  2716 | D:4      | Killed Duvessa
  2716 | D:4      | Reached XP level 7. HP: 27/35 MP: 8/8
  2724 | D:4      | Killed Dowan
  2867 | D:5      | Entered Level 5 of the Dungeon
  2867 | D:5      | Found Duppele's General Store.
  2960 | D:5      | Reached skill level 12 in Stealth
  3369 | D:5      | Noticed Eustachio
  3372 | D:5      | Reached skill level 5 in Dodging
  3372 | D:5      | Reached XP level 8. HP: 39/40 MP: 9/9
  3387 | D:5      | Killed Eustachio
  3387 | D:5      | Reached skill level 13 in Stealth
  3402 | D:5      | Found Qaf Bei's Book Shoppe.
  3430 | D:5      | Found an opulent altar of Gozag.
  3431 | D:5      | Found Xifoag's Jewellery Emporium.
  3437 | D:5      | Became a worshipper of Gozag Ym Sagoz the Greedy
  3471 | D:5      | Found an ancient bone altar of Kikubaaqudgha.
  3494 | D:5      | Bought a potion of degeneration for 12 gold pieces
  3494 | D:5      | Bought a scroll of teleportation for 36 gold pieces
  3902 | D:5      | Found a staircase to the Ecumenical Temple.
  3923 | Temple   | Entered the Ecumenical Temple
  4646 | D:6      | Got a pitted copper ring
  4738 | D:6      | Reached skill level 14 in Stealth
  5198 | D:6      | Found a shattered altar of Ashenzari.
  5407 | D:7      | Found a sacrificial altar of Ru.
  5475 | D:7      | Reached XP level 9. HP: 44/45 MP: 10/10
  5646 | D:7      | Found a radiant altar of Vehumet.
  5738 | D:7      | Identified the ring of Uwuq {SustAt Slay+2} (You found it on level 6 of the Dungeon)
  5839 | D:7      | Reached skill level 15 in Stealth
  5922 | D:8      | Noticed ciphuk's ghost (novice MfIE)
  6325 | D:8      | Reached skill level 5 in Fighting
  6487 | D:8      | Reached skill level 16 in Stealth
  6761 | D:8      | Found an iron altar of Okawaru.
  7051 | D:9      | Reached XP level 10. HP: 51/51 MP: 11/11
  7106 | D:9      | Reached skill level 17 in Stealth
  7286 | D:9      | Found a snail-covered altar of Cheibriados.
  7370 | D:9      | Bought a +1 troll leather armour for 220 gold pieces
  7420 | D:9      | Found a shadowy altar of Dithmenos.
  7597 | D:10     | Entered Level 10 of the Dungeon
  7597 | D:10     | Noticed bierdeckelkanne's ghost (novice TrBe)
  7601 | D:10     | Noticed a hill giant
  7612 | D:9      | Reached skill level 10 in Dodging
  7773 | D:10     | Found Nauqua's Antique Weapon Shoppe.
  7803 | D:10     | Found a staircase to the Lair.
  7857 | D:10     | Killed a hill giant
  7903 | D:10     | Reached skill level 18 in Stealth
  8016 | D:9      | HP: 2/53 [poisoned by a killer bee]
  8704 | D:10     | Found a staircase to the Orcish Mines.
  8794 | D:11     | Noticed a green ugly thing
  8882 | D:11     | Noticed a brown ugly thing
  8886 | D:11     | Killed a brown ugly thing
  8886 | D:11     | Reached XP level 11. HP: 58/58 MP: 12/12
  8956 | D:11     | Reached skill level 19 in Stealth
  9007 | D:11     | Noticed a hill giant
  9027 | D:11     | Killed a hill giant
  9075 | D:9      | Bought the +3 warlock's mirror {reflect} for 285 gold pieces
  9075 | D:9      | Bought the +1 cloak of Weirdness {rElec rC- Regen+ rCorr} for 221 gold pieces
  9198 | D:10     | Reached skill level 1 in Shields
  9304 | D:11     | Noticed a deep elf mage
  9311 | D:11     | Killed a deep elf mage
  9706 | D:12     | Noticed a hill giant
  9710 | D:12     | Killed a hill giant
  9717 | D:12     | Noticed an unseen horror
  9724 | D:12     | Killed an unseen horror
  9738 | D:12     | Noticed Chiseanne's ghost (journeyman SpAs)
  9747 | D:12     | Got a vibrating platinum ring
  9791 | D:13     | Noticed a deep elf mage
 10077 | Lair:1   | Entered Level 1 of the Lair of Beasts
 10091 | Lair:1   | Identified a scroll of acquirement
 10152 | Lair:1   | Noticed a queen ant
 10264 | Lair:1   | Killed a queen ant
 10833 | Lair:1   | Noticed Fannar
 10840 | Lair:1   | Killed Fannar
 10844 | Lair:1   | Reached skill level 5 in Short Blades
 10912 | Lair:1   | Reached XP level 12. HP: 21/62 MP: 13/13
 10937 | Lair:1   | Reached skill level 5 in Shields
 10985 | Lair:1   | Noticed Nergalle
 10993 | Lair:1   | Killed Nergalle
 11108 | Lair:1   | You fall through a shaft!
 11131 | Lair:2   | Identified the ring "Odih" {rF+ rC+ rN+ Dex+2} (You found it on level 12 of the Dungeon)
 12086 | D:10     | Bought a tiny cabochon amulet for 165 gold pieces
 12086 | D:10     | Bought a scroll labeled SAOC IQIKUDGH for 33 gold pieces
 12119 | D:10     | Bought a scroll of enchant weapon for 247 gold pieces
 12190 | Lair:3   | Found a labyrinth entrance.
 12254 | Lab      | Entered a labyrinth
 16682 | Lab      | Noticed a minotaur
 16684 | Lab      | Killed a minotaur
 16686 | Lab      | Got a pitted bronze amulet
 16687 | Lab      | Got a dazzling trident
 16693 | Lair:3   | Identified the amulet "Mywifesesu" {RegenMP rElec rF+ Int-2} (You found it in a labyrinth)
 17150 | Lair:3   | Learned a level 1 spell: Apportation
 17645 | D:10     | Bought a crystal rapier for 297 gold pieces
 17645 | D:10     | Identified the +2 rapier of Dung {pierce, rElec rPois MP+9 Str+2} (You bought it in a shop on level 10 of the Dungeon)
 17747 | Lair:4   | Noticed Harold
 17757 | Lair:4   | Noticed a death yak
 17763 | Lair:4   | Noticed a death yak
 17780 | Lair:4   | Noticed a death yak
 17797 | Lair:3   | Killed a death yak
 17817 | Lair:3   | Killed a death yak
 17841 | Lair:3   | Killed a death yak
 18002 | Lair:4   | Killed Harold
 18149 | Lair:4   | Reached XP level 13. HP: 66/66 MP: 14/14
 18574 | Lair:4   | Found a dark tunnel.
 18601 | Volcano  | Entered a volcano
 19394 | Lair:5   | Found a staircase to the Swamp.
 19413 | Lair:5   | Found a blossoming altar of Fedhas.
 19982 | Lair:6   | Found a staircase to the Snake Pit.
 20253 | Lair:6   | Reached skill level 10 in Short Blades
 20277 | Lair:6   | Reached skill level 10 in Shields
 21575 | Lair:7   | Found a staircase to the Slime Pits.
 21604 | Lair:7   | Reached XP level 14. HP: 70/70 MP: 15/15
 22388 | Lair:8   | Entered Level 8 of the Lair of Beasts
 22639 | Lair:8   | Noticed Kirke
 22845 | Lair:8   | Noticed a sphinx
 22845 | Lair:8   | Killed Kirke
 23012 | Lair:8   | Noticed Josephine
 23028 | Lair:8   | Killed Josephine
 23274 | Lair:8   | Got a translucent silver amulet
 23275 | Lair:8   | Identified the amulet "Ruapseymi" {Faith *Confuse +Fly Str+3 Int+3} (You found it on level 8 of the Lair of Beasts)
 23752 | D:10     | Bought the +9 dagger of Chilly Death {flash freeze, rPois rF- rC++ MR+} for 834 gold pieces
 23936 | D:12     | Killed Chiseanne's ghost
 24074 | D:12     | Found a stormy altar of Qazlal.
 24276 | D:13     | Found a gate to the Vaults.
 24276 | D:13     | Noticed Rupert
 24276 | D:13     | Noticed Donald
 24784 | D:13     | Killed Rupert
 24784 | D:13     | Reached XP level 15. HP: 73/74 MP: 16/16
 24821 | D:13     | Killed Donald
 25544 | D:13     | Noticed a tengu reaver
 25682 | D:13     | Killed a tengu reaver
 26052 | D:14     | Noticed Snorg
 26116 | D:14     | Killed Snorg
 26186 | D:14     | Noticed Maud
 26213 | D:14     | Killed Maud
 26534 | D:14     | Reached skill level 15 in Shields
 26836 | D:14     | Found a burning altar of Makhleb.
 26858 | D:14     | Found Jennil's Antique Weapon Boutique.
 26962 | D:14     | Noticed Agnes
 26969 | D:14     | Killed Agnes
 27132 | D:15     | Entered Level 15 of the Dungeon
 27350 | D:15     | Found a staircase to the Depths.
 27403 | D:15     | Learned a level 3 spell: Confuse
 27407 | D:15     | Learned a level 3 spell: Dazzling Spray
 27411 | D:15     | Learned a level 3 spell: Tukima's Dance
 27446 | D:15     | Bought an ominously black robe for 216 gold pieces
 27446 | D:15     | Identified the +2 robe "Peax" {Str+2 SInv} (You bought it in a shop on level 15 of the Dungeon)
 28647 | Orc:1    | Entered Level 1 of the Orcish Mines
 28647 | Orc:1    | Found Uqanog's Antique Weapon Boutique.
 28880 | Orc:1    | Reached XP level 16. HP: 78/79 MP: 17/17
 29599 | Orc:2    | Entered Level 2 of the Orcish Mines
 29606 | Orc:2    | Found a roughly hewn altar of Beogh.
 29607 | Orc:2    | Found Gompod's Assorted Antiques.
 29656 | Orc:2    | Bought a brightly glowing marble ring for 150 gold pieces
 29656 | Orc:2    | Bought a scroll of identify for 60 gold pieces
 29656 | Orc:2    | Bought a scroll of blinking for 225 gold pieces
 29656 | Orc:2    | Bought a potion of flight for 90 gold pieces
 29656 | Orc:2    | Bought a scroll labeled SYIPLOOPNO for 30 gold pieces
 29656 | Orc:2    | Bought a potion of curing for 90 gold pieces
 29665 | Orc:2    | Identified the ring of Zin's Regard {rF+ Int+5} (You bought it in a shop on level 2 of the Orcish Mines)
 29918 | Orc:2    | Found a roughly hewn altar of Beogh.
 30199 | Orc:2    | Found a staircase to the Elven Halls.
 30215 | Orc:2    | Found a roughly hewn altar of Beogh.
 30301 | Orc:2    | Found a roughly hewn altar of Beogh.
 30302 | Orc:2    | Found Raiph's Antique Armour Emporium.
 30500 | Orc:2    | Noticed Sonja
 30502 | Orc:2    | Killed Sonja
 30786 | Orc:2    | Found Fanwa's Antique Weapon Emporium.
 30787 | Orc:2    | Found a roughly hewn altar of Beogh.
 30789 | Orc:2    | Found Yhih Pojy's Antique Armour Shoppe.
 30824 | Orc:2    | Bought a glowing blowgun for 70 gold pieces
 30833 | Orc:2    | Bought a brightly glowing troll leather armour for 740 gold pieces
 30844 | Orc:2    | Identified the +6 troll leather armour "Doodu" {rC++ Regen+} (You bought it in a shop on level 2 of the Orcish Mines)
 31148 | D:8      | Killed ciphuk's ghost
 31271 | D:10     | Killed bierdeckelkanne's ghost
 31392 | Swamp:1  | Entered Level 1 of the Swamp
 31708 | Swamp:3  | Noticed a thorn hunter
 31715 | Swamp:3  | Killed a thorn hunter
 31751 | Swamp:3  | Noticed Roxanne
 31772 | Swamp:4  | Entered Level 4 of the Swamp
 32005 | Swamp:4  | Noticed the 27-headed Lernaean hydra
 32013 | Swamp:4  | Got a decaying rune of Zot
 32251 | Snake:1  | Entered Level 1 of the Snake Pit
 32797 | Snake:4  | Entered Level 4 of the Snake Pit
 33178 | Snake:4  | Identified the Grimoire of Burning Moulding
 34120 | Snake:4  | Killed from afar by a greater naga

Skill      XL: |  1  2  3  4  5  6  7  8  9 10 11 12 13 14 15 16 |
---------------+-------------------------------------------------+-----
Stealth        | 6 7 8 9 11 12 14 16 18 19 | 19.4
Dodging        | 3 5 7 9 11 12 13 | 13.1
Fighting       | 2 3 4 5 6 |  6.8
Shields        | 4 8 11 13 15 17 | 17.7
Short Blades   | 5 8 10 | 10.0
Throwing       | |  2.1

Action                   |  1- 3 |  4- 6 |  7- 9 | 10-12 | 13-15 | 16-18 || total
-------------------------+-------+-------+-------+-------+-------+-------++-------
Melee: Dagger            |    74 |       |       |   164 |   727 |   773 ||  1738
       Short sword       |     1 |    43 |   227 |   563 |  1365 |   345 ||  2544
       Unarmed           |       |       |       |       |     5 |       ||     5
 Fire: Blowgun           |       |     5 |    14 |     4 |    13 |     9 ||    45
       Hunting sling     |       |       |       |     6 |       |       ||     6
Throw: Stone             |       |       |     2 |     6 |     1 |       ||     9
       Throwing net      |       |       |       |     3 |       |       ||     3
Invok: Call Merchant     |       |       |       |     3 |     3 |     1 ||     7
Evoke: Wand              |       |       |     5 |    11 |    17 |    10 ||    43
  Use: Scroll            |     6 |     5 |     5 |    16 |    12 |     9 ||    53
       Potion            |       |       |     3 |     3 |     8 |    10 ||    24
 Stab: Sleeping          |    16 |     6 |    36 |    86 |    65 |    30 ||   239
       Distracted        |     2 |     2 |     3 |     8 |    51 |    20 ||    86
       Held in net/web   |       |       |       |     1 |       |       ||     1
       Invisible         |       |       |       |       |     2 |       ||     2
       Confused          |       |       |       |       |       |     1 ||     1
       Paralysed         |       |       |       |       |       |     1 ||     1
  Eat: Fruit             |       |       |     3 |     9 |     9 |     1 ||    22
       Bread ration      |       |       |       |     1 |       |       ||     1
       Royal jelly       |       |       |       |     1 |     1 |       ||     2
       Pizza             |       |       |       |     1 |     1 |       ||     2
Armor: Robe              |     5 |     3 |    13 |       |       |       ||    21
       Troll leather arm |       |       |       |    54 |    84 |    47 ||   185
Dodge: Dodged            |    37 |    26 |   190 |   586 |  1030 |   469 ||  2338
Block: Buckler           |       |       |       |   208 |   896 |   570 ||  1674
       Reflection        |       |       |       |     7 |    32 |    43 ||    82
